 Dungeon Crawl Stone Soup version 0.30-a0-140-gd1020e658a (webtiles) character file.

Game seed: 11819735453966713424

149 Bnni the Chopper (level 5, 0/42 HPs)
             Began as a Demonspawn Fighter on Sept 24, 2022.
             Killed by divine providence
             ... invoked by an orc priest
              (11 damage)
             ... on level 6 of the Dungeon.
             The game lasted 00:04:11 (2364 turns).

Bnni the Chopper (Demonspawn Fighter)               Turns: 2364, Time: 00:04:11

Health: 0/42       AC:  8    Str: 18      XL:     5   Next: 9%
Magic:  5/5        EV:  6    Int: 10      God:
Gold:   143        SH:  8    Dex: 11 (12) Spells: 4/4 levels left

rFire   . . .      SeeInvis .    a - +0 war axe
rCold   . . .      Faith    .    c - +0 buckler
rNeg    . . .      Spirit   .    d - +0 chain mail
rPois   .          Reflect  .    (helmet restricted)
rElec   .          Harm     .    (no cloak)
rCorr   .          Rampage  .    (no gloves)
Will    .....                    (no boots)
Stlth   ..........               (no amulet)
HPRegen 0.14/turn                (no ring)
MPRegen 0.09/turn                (no ring)

@: unable to read
A: horns 1, powered by pain 1, condensation shield, inability to read after
injury 1
a: no special abilities


You were on level 6 of the Dungeon.
You visited 1 branch of the dungeon, and saw 5 of its levels.

You collected 143 gold pieces.

Inventory:

Hand Weapons
 a - a +0 war axe (weapon)
Missiles
 e - 2 poisoned darts (quivered)
 o - a throwing net
Armour
 c - a +0 buckler (worn)
 d - a +0 chain mail (worn)
Scrolls
 b - 2 scrolls of enchant armour
 g - a scroll of vulnerability
 h - 2 scrolls of poison
 i - 2 scrolls of teleportation
 j - a scroll of torment {unknown}
 k - a scroll of fog
 m - a scroll of summoning {unknown}
Potions
 f - a potion of cancellation {unknown}
 l - a potion of flight
 n - a potion of invisibility {unknown}
 p - 2 potions of curing


   Skills:
 + Level 4.1 Fighting
 * Level 4.1 Axes
 - Level 2.6 Armour
 - Level 2.6 Shields


You had 4 spell levels left.
You didn't know any spells.
Your spell library contained the following spells:

 Spells                   Type           Power      Damage    Failure   Level
 Dazzling Flash           Conj/Hex       0%         N/A       100%        3
 Portal Projectile        Hex/Tloc       0%         N/A       100%        3
 Tukima's Dance           Hex            0%         N/A       100%        3
 Iskenderun's Mystic Bla  Conj/Tloc      0%         2d3       100%        4
 Blade Hands              Tmut           0%         N/A       100%        5
 Starburst                Conj/Fire      0%         6d3       100%        6


Dungeon Overview and Level Annotations

Branches:
Dungeon (6/15)
 Temple: D:4-7

Altars:


Innate Abilities, Weirdness & Mutations

You have a pair of small horns on your head.
You sometimes gain a little power by taking damage.
A meltable shield of frost defends you. (SH +4)
You occasionally lose the ability to read scrolls when taking damage.


Message History

The orc priest is heavily wounded.
The orc priest hits you but does no damage. x2
You closely miss the orc priest. Your headbutt misses the orc priest.
The orc priest is heavily wounded.
The orc priest hits you but does no damage.
You hit the orc priest.
You headbutt the orc priest, but do no damage.
The orc priest is severely wounded.
The orc priest hits you with a +0 hand axe.
You hit the orc priest.
You headbutt the orc priest, but do no damage.
The orc priest is severely wounded.
The orc priest invokes the aid of Beogh against you.
Beogh smites you!
You feel threatened and lose the ability to read scrolls!
* * * LOW HITPOINT WARNING * * *
You block the orc priest's attack.
Sorry, you're not good enough to have a special ability.
Unknown command.
You hit the orc priest.
The orc priest is almost dead.
The orc priest miscasts a cantrip.
The orc priest hits you with a +0 hand axe.
* * * LOW HITPOINT WARNING * * *
You slash the orc priest!
You kill the orc priest!
You feel your intelligence returning.
You feel your dexterity returning.
Your Axes skill increases to level 4!
You have reached level 5!
Your demonic ancestry asserts itself...
Frost condenses into a shield before you.
You slash the orc priest!
The orc priest is heavily wounded.
You block the orc priest's attack.
You closely miss the orc priest.
You headbutt the orc priest, but do no damage.
The orc priest is heavily wounded.
The orc priest invokes the aid of Beogh against you.
Beogh smites you!
You die...

###############+#
........@oJ.....#
##########.######
#....).# #......#
#......# ######.#
#.# #o# #.#


You could see a jelly and an orc priest.

Vanquished Creatures
  An orc priest (D:6)
  4 adders
  A worm (D:1)
  5 dart slugs
  6 orcs
  4 endoplasms
  3 giant cockroaches
  3 goblins
  5 hobgoblins
  6 jackals (D:2)
  5 kobolds
  3 quokkas
  2 ball pythons (D:1)
  5 bats
  6 frilled lizards
  6 rats
  A toadstool (D:1)
66 creatures vanquished.

Vanquished Creatures (others)
  3 toadstools (D:1)
3 creatures vanquished.

Grand Total: 69 creatures vanquished

Notes
Turn   | Place    | Note
-------+----------+-------------------------------------------
     0 | D:1      | Bnni the Demonspawn Fighter began the quest for the Orb.
     0 | D:1      | Reached XP level 1. HP: 18/18 MP: 1/1
   361 | D:1      | Gained mutation: You have a pair of small horns on your
                  | head. [demonic ancestry]
   361 | D:1      | Reached XP level 2. HP: 24/24 MP: 2/2
   931 | D:2      | Gained mutation: You sometimes gain a little power by
                  | taking damage. [demonic ancestry]
   931 | D:2      | Reached XP level 3. HP: 21/29 MP: 3/3
  1287 | D:2      | Gained mutation: You occasionally lose the ability to read
                  | scrolls when taking damage. [potion of mutation]
  1290 | D:2      | HP: 1/29 [jackal (2)]
  1358 | D:2      | Reached XP level 4. HP: 31/37 MP: 4/4
  1638 | D:2      | Found a faded altar of an unknown god.
  2338 | D:4      | You fall into a shaft and drop 2 floors!
  2363 | D:6      | Gained mutation: A meltable shield of frost defends you.
                  | (SH +4) [demonic ancestry]
  2363 | D:6      | Reached XP level 5. HP: 11/42 MP: 5/5
  2364 | D:6      | Killed from afar by an orc priest

Illustrated notes

Levels and vault maps discovered:
D:1:      ldierk_water_garden, layout_basic, chequers_serial_rivers_large_b,
          chequers_serial_rivers_micro_c
D:2:      layout_rooms, hellmonk_ecumenical_altar_leap_of_faith
D:3:      layout_loops_ring, mainiacjoe_overflow_boulevard, feat_on_display
D:4:      layout_basic, evilmike_ruin_ashenzari
D:6:      layout_basic, minmay_temple_entry_gardened_gates, uniq_menkaure

Skill      XL: |  1  2  3  4 |
---------------+-------------+-----
Axes           | 2 3 4 |  4.1
Fighting       | 4 |  4.1
Armour         | |  2.6
Shields        | |  2.6

Action                   |  1- 3 |  4- 6 || total
-------------------------+-------+-------++-------
Melee: War axe           |   105 |    67 ||   172
       Headbutt          |     8 |    10 ||    18
  Use: Potion            |     6 |       ||     6
       Scroll            |       |     7 ||     7
Armor: Scale mail        |    51 |       ||    51
       Chain mail        |     4 |    36 ||    40
Dodge: Dodged            |    68 |    13 ||    81
Block: Buckler           |    33 |    19 ||    52

Table legend: (Time is in decaauts)
 A = Elapsed time spent in this place.
 B = Non-inter-level travel time spent in this place.
 C = Inter-level travel time spent in this place.
 D = Time resting spent in this place.
 E = Time spent auto-exploring this place.
 F = Levels seen in this place.
 G = Mean time per level.
                   A        B        C        D        E       F      G
               +--------+--------+--------+--------+--------+-----+--------+
         Total |   2456 |   2404 |     52 |      0 |   1944 |   5 |  491.2 |
       Dungeon |   2456 |   2404 |     52 |      0 |   1944 |   5 |  491.2 |
               +--------+--------+--------+--------+--------+-----+--------+

Top non-repeatable levels by time:
     D:1: 967 daAuts
     D:2: 920 daAuts
     D:3: 510 daAuts
     D:6: 32 daAuts
     D:4: 25 daAuts
